 Dungeon Crawl Stone Soup version 0.18.1-5-g4a78601 (webtiles) character file.

9207 tyrsky the Severer (level 11, 0/99 HPs)
             Began as a Minotaur Fighter on May 11, 2016.
             Was a High Priest of Okawaru.
             Slain by a nine-headed hydra (1 damage)
             ... on level 2 of the Lair of Beasts.
             The game lasted 00:36:05 (8519 turns).

tyrsky the Severer (Minotaur Fighter)               Turns: 8519, Time: 00:36:05

Health: 0/99       AC: 19    Str: 24    XL:     11   Next: 20%
Magic:  8/10       EV:  9    Int:  5    God:    Okawaru [*****.]
Gold:   621        SH:  0    Dex: 10    Spells: 0 memorised, 10 levels left

rFire  . . .     SeeInvis .     Q - +0 battleaxe
rCold  + . .     Gourm    .     O - +0 plate armour
rNeg   . . .     Faith    .     (shield currently unavailable)
rPois  +         Spirit   .     (helmet restricted)
rElec  +         Dismiss  .     n - +0 cloak "Esythag" {rElec} (curse)
rCorr  .         Reflect  .     l - +1 pair of gloves
SustAt .         Harm     .     (no boots)
MR     .....                    d - amulet of rage
Stlth  ..........               L - ring of poison resistance
                                I - ring of protection from cold

@: about to teleport, heroism, not resistant to hostile enchantments, extremely
unstealthy
A: retaliatory headbutt, horns 2
a: Heroism, Finesse, Renounce Religion, Evoke Berserk Rage


You were on level 2 of the Lair of Beasts.
You worshipped Okawaru.
Okawaru was extremely pleased with you.
You were not hungry.

You visited 3 branches of the dungeon, and saw 13 of its levels.
You also visited: Ossuary.

You collected 621 gold pieces.

Inventory:

Hand Weapons
 a - a +1 war axe
 Q - a +0 battleaxe (weapon)
Missiles
 T - 6 silver tomahawks (quivered)
Armour
 b - a +0 scale mail
 c - a +0 shield
 l - a +1 pair of gloves (worn)
 n - the cursed +0 cloak "Esythag" (worn) {rElec}
   (You found it on level 6 of the Dungeon)

   It insulates you from electricity.
   It has a curse placed upon it.
 F - a +0 chain mail
 O - a +0 plate armour (worn)
Jewellery
 d - an amulet of rage (around neck)
 q - an uncursed ring of stealth
 I - a ring of protection from cold (left hand)
 L - a ring of poison resistance (right hand)
Wands
 y - a wand of paralysis (14/24)
 E - a wand of iceblast (3/15)
 H - a wand of polymorph (5/24)
 M - a wand of confusion (29/48)
 R - a wand of flame (26/48)
Scrolls
 e - 3 scrolls of teleportation
 j - a scroll of vulnerability {unknown}
 p - 9 scrolls of remove curse
 t - 7 scrolls of enchant weapon
 B - 3 scrolls of noise
 D - 12 scrolls of identify {@*1}
 J - a scroll of fear
 K - a scroll of torment {unknown}
 N - 2 scrolls of magic mapping
Potions
 g - a potion of berserk rage
 h - 2 potions of agility
 i - 3 potions of degeneration
 k - a potion of mutation
 m - 5 potions of curing
 s - 5 potions of flight {unknown}
 u - 4 potions of brilliance
 v - 2 potions of heal wounds {unknown}
 w - 2 potions of ambrosia {unknown}
 x - 4 potions of cancellation {unknown}
 z - 3 potions of lignification {unknown}
 A - a potion of haste {unknown}
 C - 3 potions of resistance {unknown}
Books
 G - a book of Enchantments

   Spells                             Type                      Level
   a - Cause Fear                     Hexes                        4
   b - Yara's Violent Unravelling     Hexes/Transmutation          5
   c - Silence                        Hexes/Air                    5
   d - Deflect Missiles               Charms/Air                   6
   e - Haste                          Charms                       6
   f - Discord                        Hexes                        8
 S - a book of Geomancy

   Spells                             Type                      Level
   a - Sandblast                      Earth                        1
   b - Passwall                       Transmutation/Earth          2
   c - Stone Arrow                    Conjuration/Earth            3
   d - Petrify                        Transmutation/Earth          4
   e - Lee's Rapid Deconstruction     Earth                        5
Comestibles
 f - 6 bread rations
 o - 7 meat rations
 r - 9 beef jerkies
 P - 11 fruits


   Skills:
 * Level 10.1(15.1) Fighting
 + Level 16.4(21.4) Axes
 + Level 7.7(12.7) Armour
 - Level 3.6(8.6) Shields


You had 10 spell levels left.
You didn't know any spells.

Dungeon Overview and Level Annotations

Branches:
Dungeon (10/15)            Temple (1/1) D:6            Lair (2/8) D:10
    Orc: D:9-12

Altars:
Ashenzari
Cheibriados
Dithmenos
Elyvilon
Fedhas
Gozag
Kikubaaqudgha
Makhleb
Nemelex Xobeh
Okawaru
Pakellas
Qazlal
Ru
Sif Muna
Trog
Vehumet
Xom
Yredelemnul
Zin
The Shining One

Shops:
D:4 [   D:6 %

Annotations:
D:2 Sigmund


Innate Abilities, Weirdness & Mutations

You reflexively headbutt those who attack you in melee.
You have a pair of horns on your head.


Message History

The nine-headed hydra bites you.
* * * LOW HITPOINT WARNING * * *
The nine-headed hydra bites you.
* * * LOW HITPOINT WARNING * * *
The nine-headed hydra bites you.
* * * LOW HITPOINT WARNING * * *
The nine-headed hydra barely misses you.
The komodo dragon bites you.
* * * LOW HITPOINT WARNING * * *
A porcupine comes into view.
Drink which item? (? for menu, Esc to quit)
You feel better. The nine-headed hydra bites you!
* * * LOW HITPOINT WARNING * * *
The nine-headed hydra barely misses you.
The nine-headed hydra bites you but does no damage.
The nine-headed hydra bites you.
* * * LOW HITPOINT WARNING * * *
The nine-headed hydra bites you but does no damage. x4
The nine-headed hydra bites you.
You die...

#.#......... #.........$.
.........P# ##......#...#
.#..#.....#t##.
.r.............
.##.#........#......#.)..
..P..≈≈≈≈.....Dl........#..
#...≈≈≈≈≈≈≈..hhH...........
##..≈≈≈≈≈≈≈≈....#.#.##.#.####
#..≈≈≈≈≈≈≈≈≈≈...###.........#
....≈≈≈≈≈≈≈≈≈....##.........
....≈≈≈≈≈≈≈≈≈...............
.......<.≈≈..#..........#P
...................#...##
..#...........#..####...#
##.............## #...#


You could see a nine-headed hydra, a komodo dragon, a crocodile, 2 wolves and a
porcupine.

Vanquished Creatures
  Erolcha (D:8)
  Pikel (D:6)
  Joseph (D:8)
  Maurice (D:8)
  A spiny frog (Lair:2)
  A rime drake (Lair:1)
  3 trolls (D:10)
  A wraith (D:10)
  4 yaks (D:9)
  Grum (D:9)
  3 hungry ghosts
  2 porcupines (Lair:1)
  2 water moccasins (Lair:1)
  The ghost of Charly the Ruffian, an amateur VSTm (D:3)
  3 ice beasts
  3 orc warriors
  3 sky beasts
  7 ogres
  6 centaurs
  3 wolves (D:9)
  A crocodile (Lair:1)
  2 big kobolds
  2 elf zombies (Ossuary)
  The ghost of Charly the Ruffian, an amateur VSTm (D:5)
  2 giant frogs
  2 howler monkeys (D:8)
  4 crimson imps
  2 giant frog zombies (D:10)
  3 hounds
  A quasit (D:9)
  5 centaur zombies (Ossuary)
  2 orc priests
  A centaur skeleton (D:6)
  3 jellies
  Jessica (D:2)
  5 iguanas
  6 worker ants
  7 orc wizards
  7 sheep (Lair:1)
  A big kobold zombie (Ossuary)
  A hound zombie (D:5)
  2 mummies (Ossuary)
  A worker ant zombie (D:8)
  7 adders
  14 river rats (Lair:1)
  A shadow imp (D:9)
  An ooze (D:2)
  An adder zombie (D:5)
  5 worms
  A dart slug (D:1)
  6 giant geckos
  27 orcs
  4 giant cockroaches
  5 goblins
  4 hobgoblins
  8 jackals
  3 quokkas
  10 bats
  6 giant newts
  A goblin zombie (Ossuary)
  7 hobgoblin zombies (Ossuary)
  2 jackal zombies (Ossuary)
  17 kobolds
  6 kobold zombies (Ossuary)
  12 orc zombies (Ossuary)
  A quokka zombie (D:8)
  7 rats
  A fungus (Lair:2)
267 creatures vanquished.

Vanquished Creatures (others)
  A shadow imp (D:6)
  A fungus (Lair:1)
2 creatures vanquished.

Grand Total: 269 creatures vanquished

Notes
Turn   | Place    | Note
--------------------------------------------------------------
     0 | D:1      | tyrsky the Minotaur Fighter began the quest for the Orb.
     0 | D:1      | Reached XP level 1. HP: 19/19 MP: 0/0
   162 | D:1      | Reached skill level 3 in Axes
   204 | D:1      | Reached XP level 2. HP: 25/26 MP: 1/1
   766 | D:2      | Reached skill level 4 in Axes
   823 | D:2      | Reached XP level 3. HP: 31/31 MP: 2/2
   898 | D:2      | Noticed Jessica
  1207 | D:2      | Killed Jessica
  1207 | D:2      | Reached skill level 5 in Axes
  1207 | D:2      | Reached XP level 4. HP: 23/39 MP: 3/3
  1335 | D:2      | Noticed Sigmund
  1620 | D:3      | Noticed Charly's ghost (amateur VSTm)
  1623 | D:3      | Killed Charly's ghost
  1623 | D:3      | Reached skill level 6 in Axes
  1623 | D:3      | Reached XP level 5. HP: 45/45 MP: 4/4
  1686 | D:3      | Found a faded altar to an unknown god.
  1864 | D:3      | Found a shimmering altar of Xom.
  1939 | D:3      | Reached skill level 7 in Axes
  2146 | D:3      | Noticed a moth of wrath
  2149 | D:3      | Found a bloodstained altar of Trog.
  2337 | D:4      | Found a sacrificial altar of Ru.
  2594 | D:4      | Found Dim Jost's Armour Shoppe.
  2749 | D:4      | Found a glowing golden altar of the Shining One.
  2942 | D:4      | Found a stormy altar of Qazlal.
  3014 | D:4      | Reached XP level 6. HP: 34/51 MP: 5/5
  3029 | D:4      | Reached skill level 8 in Axes
  3409 | D:4      | Reached skill level 9 in Axes
  3506 | D:5      | Entered Level 5 of the Dungeon
  3510 | D:5      | Reached XP level 7. HP: 46/57 MP: 6/6
  3562 | D:5      | Reached skill level 10 in Axes
  3694 | D:5      | Noticed Charly's ghost (amateur VSTm)
  3706 | D:5      | Killed Charly's ghost
  3878 | D:5      | Reached skill level 11 in Axes
  3904 | D:5      | Found a shattered altar of Ashenzari.
  4036 | D:6      | Got a transparent cloak
  4042 | D:6      | Identified the cursed +0 cloak "Esythag" {rElec} (You found it on level 6 of the Dungeon)
  4080 | D:6      | Reached XP level 8. HP: 64/64 MP: 7/7
  4155 | D:6      | Noticed Pikel
  4159 | D:6      | Killed Pikel
  4159 | D:6      | Reached skill level 12 in Axes
  4167 | D:6      | Reached skill level 13 in Axes
  4218 | D:6      | Found a staircase to the Ecumenical Temple.
  4232 | Temple   | Entered the Ecumenical Temple
  4273 | Temple   | Became a worshipper of Warmaster Okawaru
  4316 | D:6      | Found Ybylidgh's Food Shop.
  4610 | D:7      | Reached XP level 9. HP: 70/70 MP: 8/8
  4882 | D:7      | Reached skill level 14 in Axes
  4932 | D:7      | Found a sand-covered staircase.
  4939 | Ossuary  | Entered an ossuary
  5047 | Ossuary  | Reached * piety under Okawaru
  5363 | D:7      | Reached skill level 15 in Axes
  5446 | D:7      | Found a shimmering altar of Xom.
  5936 | D:8      | Found a blossoming altar of Fedhas.
  5987 | D:8      | Noticed Erolcha
  5994 | D:8      | Killed Erolcha
  5994 | D:8      | Reached ** piety under Okawaru
  5994 | D:8      | Reached skill level 16 in Axes
  5994 | D:8      | Reached XP level 10. HP: 54/77 MP: 9/9
  6059 | D:8      | Noticed Joseph
  6083 | D:8      | Killed Joseph
  6083 | D:8      | Reached *** piety under Okawaru
  6089 | D:8      | Noticed Maurice
  6272 | D:8      | Killed Maurice
  6272 | D:8      | Reached skill level 5 in Fighting
  6373 | D:8      | Found a shadowy altar of Dithmenos.
  6399 | D:8      | Found a basalt altar of Yredelemnul.
  6436 | D:9      | Reached skill level 5 in Armour
  6636 | D:9      | Reached **** piety under Okawaru
  6700 | D:9      | Noticed Grum
  6728 | D:9      | Killed Grum
  7185 | D:9      | Found a white marble altar of Elyvilon.
  7299 | D:10     | Entered Level 10 of the Dungeon
  7320 | D:10     | Found a staircase to the Lair.
  7423 | D:10     | Reached ***** piety under Okawaru
  7431 | D:10     | Reached XP level 11. HP: 16/97 MP: 10/10
  7723 | Lair:1   | Entered Level 1 of the Lair of Beasts
  7962 | Lair:1   | Received a gift from Okawaru
  7962 | Lair:1   | Reached skill level 10 in Fighting
  8512 | Lair:2   | Noticed a seven-headed hydra
  8519 | Lair:2   | HP: 1/99 [nine-headed hydra (5)]
  8519 | Lair:2   | Slain by a nine-headed hydra

Skill      XL: |  1  2  3  4  5  6  7  8  9 10 11 |
---------------+----------------------------------+-----
Axes           | 3 4 5 6 7 9 11 13 16 | 16.4
Fighting       | 9 10 | 10.1
Armour         | 7 |  7.7
Shields        | |  3.6

Action                   |  1- 3 |  4- 6 |  7- 9 | 10-12 || total
-------------------------+-------+-------+-------+-------++-------
Melee: War axe           |   102 |   106 |   268 |   160 ||   636
       Headbutt          |    12 |    16 |    64 |    54 ||   146
       Battleaxe         |       |       |       |   121 ||   121
Invok: Heroism           |       |       |       |     2 ||     2
 Abil: Evoke Berserk Rag |       |     2 |       |       ||     2
  Use: Potion            |     1 |       |     1 |     3 ||     5
       Scroll            |       |    13 |     4 |     1 ||    18
  Eat: Chunk             |     1 |     9 |     7 |     9 ||    26
       Royal jelly       |       |       |     1 |       ||     1
       Pizza             |       |       |     1 |       ||     1
       Beef jerky        |       |       |     1 |       ||     1
Armor: Scale mail        |    55 |    38 |    23 |       ||   116
       Chain mail        |       |       |    76 |    26 ||   102
       Plate armour      |       |       |       |   120 ||   120
Dodge: Dodged            |    44 |    34 |    50 |    56 ||   184
Block: Shield            |    49 |    49 |    75 |    46 ||   219
